 Dungeon Crawl Stone Soup version 0.20-a0-465-g6513c8f (webtiles) character file.

33 dobroeutro the Cudgeler (level 3, 0/23 HPs)
             Began as a Gargoyle Fighter on Jan 12, 2017.
             Slain by Natasha (4 damage)
             ... on level 2 of the Dungeon.
             The game lasted 00:01:00 (692 turns).

dobroeutro the Cudgeler (Gargoyle Fighter)           Turns: 692, Time: 00:01:01

Health: 0/23       AC: 10    Str: 20    XL:     3   Next: 29%
Magic:  3/3        EV:  7    Int:  8    God:
Gold:   34         SH:  9    Dex:  9    Spells: 2/2 levels left

rFire  . . .     SeeInvis .     a - +0 flail
rCold  . . .     Gourm    .     b - +0 scale mail
rNeg   + . .     Faith    .     c - +0 shield
rPois  ∞         Spirit   .     (no helmet)
rElec  +         Reflect  .     (no cloak)
rCorr  .         Harm     .     (no gloves)
MR     .....                    (no boots)
Stlth  ..........               (no amulet)
                                (no ring)
                                (no ring)

@: slowed, very slow
A: negative energy resistance 1, electricity resistance, unbreathing,
petrification resistance, rot immunity, AC +3
a: no special abilities


You were on level 2 of the Dungeon.
You were not hungry.

You visited 1 branch of the dungeon, and saw 2 of its levels.

You collected 34 gold pieces.

Inventory:

Hand Weapons
 a - a +0 flail (weapon)
Armour
 b - a +0 scale mail (worn)
 c - a +0 shield (worn)
Jewellery
 k - a +2 ring of protection {unknown}
 l - an uncursed ring of protection from cold {unknown}
 n - a +6 ring of dexterity {unknown}
Scrolls
 e - a scroll of noise {unknown}
 i - a scroll of enchant weapon {unknown}
 j - a scroll of fear {unknown}
 m - a scroll of identify {unknown}
Potions
 d - a potion of might
 g - a potion of cure mutation {unknown}
 h - a potion of curing {unknown}
 o - a potion of haste {unknown}
Comestibles
 f - 3 bread rations
 p - a chunk of flesh


   Skills:
 - Level 3.2 Fighting
 + Level 3.6 Maces & Flails
 - Level 3.2 Armour
 - Level 3.2 Shields


You had 2 spell levels left.
You didn't know any spells.

Dungeon Overview and Level Annotations

Branches:
Dungeon (2/15)

Altars:
Ru

Annotations:
D:2 Natasha


Innate Abilities, Weirdness & Mutations

You are resistant to torment.
Your stone body is resilient. (AC +3)
You are immune to poison.
You resist negative energy. (rN+)
You are resistant to electric shocks. (rElec)
You can survive without breathing.
You are immune to petrification.
You are immune to rotting.


Message History

You are too injured to fight recklessly!
Unknown command.
You closely miss Natasha.
Natasha is almost dead.
Natasha mumbles some strange words.
Your shield and scale mail prevent you from hitting Natasha.
Natasha is almost dead.
You block Natasha's attack.
The crimson imp hits you but does no damage.
Natasha casts a spell.
You block the crimson imp's attack. You block Natasha's attack.
Unknown command.
Your shield and scale mail prevent you from hitting Natasha.
Natasha is almost dead.
You block the crimson imp's attack. Natasha casts a spell at you.
The magic dart hits you!
* * * LOW HITPOINT WARNING * * *
You block the crimson imp's attack. Natasha claws you.
You die...

#...
#...#####
#....<.#
######.####
#....#
##.###..#
#.## # #5#
###. #@##


hg... ##h###w.rh.. ####wgh.### #..hhr5...# #.#####.#.# # .# # ._ .#. .#.# You
could see Natasha, a crimson imp, a shadow imp, a dart slug, 2 jackals, a
hobgoblin and a rat.

Vanquished Creatures
  A gnoll (D:1)
  2 leopard geckos (D:1)
  4 goblins (D:1)
  3 hobgoblins
  3 jackals (D:1)
  A bat (D:2)
  A frilled lizard (D:1)
  2 kobolds (D:1)
  3 rats (D:1)
20 creatures vanquished.

Notes
Turn   | Place    | Note
-------+----------+-------------------------------------------
     0 | D:1      | dobroeutro the Gargoyle Fighter began the quest for the Orb.
     0 | D:1      | Reached XP level 1. HP: 14/14 MP: 1/1
   170 | D:1      | Reached XP level 2. HP: 15/19 MP: 2/2
   263 | D:1      | Reached XP level 3. HP: 8/23 MP: 3/3
   659 | D:2      | Found a sacrificial altar of Ru.
   667 | D:2      | Noticed Natasha
   692 | D:2      | Slain by Natasha

Vault maps used:
D:1:      dpeg_arrival_tiny_a, minmay_misc_feat_pillars, minmay_pentomino_r2
D:2:      overflow_temple_1_default, uniq_natasha

Skill      XL: |  1  2 |
---------------+-------+-----
Maces & Flails | 3 |  3.6
Fighting       | |  3.2
Armour         | |  3.2
Shields        | |  3.2

Action                   || total
-------------------------++-------
Melee: Flail             ||    87
Armor: Scale mail        ||    51
Dodge: Dodged            ||    25
Block: Shield            ||    48
